 Dungeon Crawl Stone Soup version 0.29.1-15-g9cfb28693d (webtiles) character file.

Game seed: 13128491752405412531

322 12sPaWn12 the Caller (level 6, -13/44 HPs)
             Began as a Gnoll Summoner on Mar 21, 2023.
             Mangled by Pikel
             ... wielding a +1 whip of electrocution
              (17 damage)
             ... on level 3 of the Dungeon.
             The game lasted 00:08:59 (4576 turns).

12sPaWn12 the Caller (Gnoll Summoner)               Turns: 4576, Time: 00:08:59

Health: -13/44     AC:  2    Str:  7    XL:     6   Next: 47%
Magic:  14/14      EV: 15    Int: 16    God:
Gold:   169        SH:  0    Dex: 19    Spells: 4/15 levels left

rFire   . . .      SeeInvis .   w - +5 lochaber axe {reach-cleave, poleaxe}
rCold   . . .      Faith    .   (shield currently unavailable)
rNeg    . . .      Spirit   .   a - +0 robe
rPois   .          Reflect  .   (no helmet)
rElec   .          Harm     .   (no cloak)
rCorr   .          Rampage  .   (no gloves)
Will    +....                   (no boots)
Stlth   +++.......              (no amulet)
HPRegen 0.14/turn               s - ring of willpower
MPRegen 0.14/turn               u - +6 ring of dexterity

@: no status effects
A: fangs 1, strong nose, distributed training
a: no special abilities


You were on level 3 of the Dungeon.
You visited 1 branch of the dungeon, and saw 4 of its levels.
You also visited: Sewer.

You collected 169 gold pieces.

Inventory:

Hand Weapons
 w - the +5 lochaber axe (weapon) {reach-cleave, poleaxe}
   (You found it in a sewer)

   It can be evoked to extend its reach, and strikes at all foes within reach,
   dealing less damage to those not targeted.
   It uses either Axes or Polearms skill, whichever is higher.
Missiles
 k - a throwing net
Armour
 a - a +0 robe (worn)
Jewellery
 o - a +6 ring of strength
 s - a ring of willpower (left hand)
 u - a +6 ring of dexterity (right hand)
 y - a ring of flight
 A - a +6 ring of strength
Wands
 l - a wand of paralysis (12)
Scrolls
 c - 3 scrolls of magic mapping {unknown}
 e - a scroll of blinking {unknown}
 f - 2 scrolls of immolation {unknown}
 h - 2 scrolls of noise {unknown}
 i - 5 scrolls of identify {unknown}
 m - a scroll of enchant weapon {unknown}
 q - a scroll of fog {unknown}
 t - a scroll of vulnerability {unknown}
Potions
 b - a potion of magic
 d - a potion of degeneration {unknown}
 g - 6 potions of curing {unknown}
 j - a potion of ambrosia {unknown}
 n - a potion of flight {unknown}
 p - 3 potions of haste {unknown}
 r - a potion of lignification {unknown}
 v - 2 potions of heal wounds {unknown}
 x - a potion of berserk rage {unknown}
 z - a potion of cancellation {unknown}


   Skills:
 + Level 2.0 Fighting
 + Level 2.0 Short Blades
 + Level 2.0 Long Blades
 + Level 2.0 Axes
 + Level 2.0 Maces & Flails
 + Level 2.0 Polearms
 + Level 2.0 Staves
 + Level 2.0 Ranged Weapons
 + Level 2.0 Throwing
 + Level 2.0 Armour
 + Level 5.0 Dodging
 + Level 4.6 Stealth
 + Level 2.0 Shields
 + Level 2.0 Unarmed Combat
 + Level 5.4 Spellcasting
 + Level 1.6 Conjurations
 + Level 1.6 Hexes
 + Level 7.3 Summonings
 + Level 1.6 Necromancy
 + Level 1.6 Translocations
 + Level 1.6 Transmutations
 + Level 1.6 Fire Magic
 + Level 1.6 Ice Magic
 + Level 1.6 Air Magic
 + Level 1.6 Earth Magic
 + Level 1.6 Poison Magic
 + Level 2.2 Invocations
 + Level 2.0 Evocations


You had 4 spell levels left.
You knew the following spells:

 Your Spells              Type           Power      Damage    Failure   Level
a - Summon Small Mammal   Summ           100%       N/A       1%          1
b - Call Canine Familiar  Summ           27%        N/A       2%          3
c - Summon Guardian Gole  Hex/Summ       18%        N/A       7%          3
d - Summon Lightning Spi  Summ/Air       18%        N/A       22%         4

Your spell library contained the following spells:

 Spells                   Type           Power      Damage    Failure   Level
 Call Imp                 Summ           27%        N/A       1%          2
 Confusing Touch          Hex            9%         N/A       22%         3
 Yara's Violent Unravell  Hex/Tmut       4%         3d4       91%         5
 Enfeeble                 Hex            4%         N/A       100%        7


Dungeon Overview and Level Annotations

Branches:
Dungeon (4/15)              Sewer (visited)
 Temple: D:4-7

Altars:
Wu Jian

Shops:
D:2 !??

Annotations:
D:3 Pikel


Innate Abilities, Weirdness & Mutations

You have very sharp teeth.
Your uncanny sense of smell can sniff out nearby items.
Your experience applies equally to all skills.


Message History

Your hound bites Pikel but does no damage.
Pikel closely misses your hound.
Your hound completely misses Pikel.
Your hound bites Pikel but does no damage.
Your hound bites Pikel but does no damage.
The lemure closely misses your hound.
Your hound bites Pikel.
There is a stone staircase leading up here.
Your hound bites Pikel but does no damage.
You climb upwards.
There is a stone staircase leading down here.
Magic restored.
HP restored.
Done exploring.
Casting: Call Canine Familiar (dangerous; 2% risk of failure)
Confirm with . or Enter, or press ? or * to list all spells.
You don't know that spell.
You can't go up here!
You climb downwards.
Level annotation: Pikel Pikel hits you with a +1 whip of electrocution.
The lemure hits you. The lemure closely misses you.
Pikel hits you with a +1 whip of electrocution!
The lemure barely misses you. The lemure hits you!
There is a stone staircase leading up, spattered with blood here.
Pikel misses you. The lemure closely misses you. The lemure hits you.
* * * LOW HITPOINT WARNING * * *
The lemure closely misses you.
You climb upwards.
There is a stone staircase leading down here.
The lemure closely misses you. The lemure barely misses you.
The lemure attacks as you move away! The lemure completely misses you.
Pikel attacks as you move away! Pikel misses you. The lemure hits you.
* * * LOW HITPOINT WARNING * * *
Pikel attacks as you move away! Pikel barely misses you.
Pikel attacks as you move away!
Pikel hits you with a +1 whip of electrocution.
* * * LOW HITPOINT WARNING * * *
You are electrocuted!
You die...

#####>............
####......#####..
#...5............
####5##...#####..
#.##...#####..
#####5##...##.....
#.5.5.............
#K######...####.#.
#@# ####...####.#.
#.###.............
#.##.........##...
#.##..#......##...
#.##..#......##...
#.....'>.....##...
####.##......###.#
###.##..†...###.#
#.......###.#....


You could see Pikel and a lemure.

Vanquished Creatures
  A lemure (D:4)
  5 gnolls (D:4)
  An adder (Sewer)
  An ufetubus (D:4)
  An endoplasm (D:3)
  A jackal (D:3)
  A quokka (D:2)
  2 kobolds
  A rat (D:3)
14 creatures vanquished.

Vanquished Creatures (collateral kills)
  Pargi (Sewer)
  An iguana (D:4)
  5 adders
  2 gnolls (D:4)
  2 worms (D:3)
  2 dart slugs
  An orc (D:3)
  6 ball pythons
  4 endoplasms
  7 giant cockroaches
  5 hobgoblins
  3 jackals (D:3)
  4 quokkas
  3 bats
  A frilled lizard (D:2)
  5 goblins
  7 kobolds
  4 rats
63 creatures vanquished.

Grand Total: 77 creatures vanquished

Notes
Turn   | Place    | Note
-------+----------+-------------------------------------------
     0 | D:1      | 12sPaWn12 the Gnoll Summoner began the quest for the Orb.
     0 | D:1      | Reached XP level 1. HP: 13/13 MP: 6/6
   389 | D:1      | Reached XP level 2. HP: 19/19 MP: 7/7
  1011 | D:2      | Found an ornate altar of the Wu Jian Council.
  1032 | D:2      | Reached skill level 5 in Spellcasting
  1032 | D:2      | Reached XP level 3. HP: 25/25 MP: 5/9
  1072 | D:2      | Found Siarel's Distillery.
  1072 | D:2      | Found Eddun's Magic Scroll Shop.
  1096 | D:2      | Reached skill level 1 in Invocations
  1348 | D:2      | Found Xisheak's Magic Scroll Shoppe.
  1422 | D:2      | Found a faded altar of an unknown god.
  1450 | D:2      | Reached skill level 1 in Fighting
  1450 | D:2      | Reached skill level 1 in Short Blades
  1450 | D:2      | Reached skill level 1 in Long Blades
  1450 | D:2      | Reached skill level 1 in Axes
  1450 | D:2      | Reached skill level 1 in Maces & Flails
  1450 | D:2      | Reached skill level 1 in Polearms
  1450 | D:2      | Reached skill level 1 in Staves
  1450 | D:2      | Reached skill level 1 in Ranged Weapons
  1450 | D:2      | Reached skill level 1 in Throwing
  1450 | D:2      | Reached skill level 1 in Armour
  1450 | D:2      | Reached skill level 1 in Shields
  1450 | D:2      | Reached skill level 1 in Unarmed Combat
  1450 | D:2      | Reached skill level 1 in Evocations
  1454 | D:2      | Learned a level 3 spell: Call Canine Familiar
  1685 | D:2      | Reached XP level 4. HP: 32/32 MP: 7/11
  2344 | D:3      | Reached skill level 1 in Conjurations
  2344 | D:3      | Reached skill level 1 in Hexes
  2344 | D:3      | Reached skill level 1 in Necromancy
  2344 | D:3      | Reached skill level 1 in Translocations
  2344 | D:3      | Reached skill level 1 in Transmutations
  2344 | D:3      | Reached skill level 1 in Fire Magic
  2344 | D:3      | Reached skill level 1 in Ice Magic
  2344 | D:3      | Reached skill level 1 in Air Magic
  2344 | D:3      | Reached skill level 1 in Earth Magic
  2344 | D:3      | Reached skill level 1 in Poison Magic
  3373 | D:4      | Reached XP level 5. HP: 28/37 MP: 7/12
  3549 | D:4      | Found a glowing drain.
  3570 | Sewer    | Entered a sewer
  3574 | Sewer    | Noticed Pargi
  3590 | Sewer    | Killed Pargi
  3615 | Sewer    | Found the +5 lochaber axe {reach-cleave, poleaxe}
  3751 | D:4      | Reached XP level 6. HP: 39/44 MP: 7/13
  3822 | D:4      | Reached skill level 5 in Dodging
  4297 | D:4      | Learned a level 3 spell: Summon Guardian Golem
  4302 | D:4      | Learned a level 4 spell: Summon Lightning Spire
  4307 | D:4      | Noticed Pikel
  4576 | D:3      | Mangled by Pikel

Illustrated notes

Levels and vault maps discovered:
D:1:      scummos_arrival_star, layout_loops_ring
D:2:      layout_basic, basic_altar, shapermc_ecumenical_altar_starsandcircs,
          serial_shops, nicolae_square_shop, shop, nicolae_lakefront_shop
D:3:      layout_basic, hex_tiny, kennysheep_generic_room_5
D:4:      layout_gridville, cheibrodos_sewer_entry_drain,
          chequers_serial_rivers_small_3, uniq_pikel

Skill      XL: |  1  2  3  4  5  6 |
---------------+-------------------+-----
Spellcasting   | 5 |  5.4
Invocations    | 1 2 |  2.2
Fighting       | 1 2 |  2.0
Short Blades   | 1 2 |  2.0
Long Blades    | 1 2 |  2.0
Axes           | 1 2 |  2.0
Maces & Flails | 1 2 |  2.0
Polearms       | 1 2 |  2.0
Staves         | 1 2 |  2.0
Ranged Weapons | 1 2 |  2.0
Throwing       | 1 2 |  2.0
Armour         | 1 2 |  2.0
Shields        | 1 2 |  2.0
Unarmed Combat | 1 2 |  2.0
Evocations     | 1 2 |  2.0
Conjurations   | 1 |  1.6
Hexes          | 1 |  1.6
Necromancy     | 1 |  1.6
Translocations | 1 |  1.6
Transmutations | 1 |  1.6
Fire Magic     | 1 |  1.6
Ice Magic      | 1 |  1.6
Air Magic      | 1 |  1.6
Earth Magic    | 1 |  1.6
Poison Magic   | 1 |  1.6
Dodging        | 5 |  5.0
Stealth        | |  4.6
Summonings     | |  7.3

Action                   |  1- 3 |  4- 6 || total
-------------------------+-------+-------++-------
Melee: Unarmed           |    10 |    52 ||    62
       Bite              |     2 |     9 ||    11
       Punch             |       |     2 ||     2
       Lochaber axe      |       |    19 ||    19
 Cast: Summon Small Mamm |    57 |    14 ||    71
       Call Canine Famil |     4 |    15 ||    19
 Stab: Sleeping          |       |     3 ||     3
Armor: Robe              |     5 |     8 ||    13
Dodge: Dodged            |    25 |    71 ||    96
